AoeStats
← xinhdep15

Black Forest

510195148Analyzed
4v4 RM · 2d ago on Sep 29, 2026· 53m 21s· 8 players
Game mode
Random Map
Map size
Large (8 player)
Population
200
Speed
Normal
Resources
Standard
Victory
Conquest
Starting age
Dark Age
Ending age
Imperial Age
RankedLock teamsTeams togetherTeam positionsShared explorationLock speedFull tech treeHidden civsTurbo modeCheats
Victory
Defeat
🇨🇦 Mongols · Canada
977
+14
🇲🇽 Britons · Mexico
951
+16
🇻🇳 Bengalis · Vietnam
951
+16
🇦🇷 Wu · Argentina
945
+16
🇧🇷 Huns · Brazil
988
-17
🇫🇷 Italians · France
982
-17
🇬🇧 Hindustanis · United Kingdom
903
-14
🇨🇳 Huns · China
897
-14
xinhdep15
0:26 Loom
12:35 Feudal Age
17:38 Castle Age
17:19 Wheelbarrow
16:38 Gold Mining
16:37 Double-Bit Axe
18:49 Wheelbarrow
18:28 Bow Saw
18:58 Fishing Lines
19:35 Stone Mining
22:16 Hand Cart
23:39 Gold Shaft Mining
25:06 Gillnets
25:15 Gillnets
26:26 Padded Archer Armor
29:50 Imperial Age
28:07 Padded Archer Armor
27:59 Fletching
28:55 Paiks
29:07 Leather Archer Armor
28:41 Horse Collar
30:03 Bodkin Arrow
31:18 Ring Archer Armor
30:49 Bracer
31:59 Conscription
33:36 Two-Man Saw
32:01 Elite Ratha (Ranged)
34:05 Ballistics
34:45 Chemistry
36:58 Scale Barding Armor
37:04 Forging
37:49 Husbandry
38:00 Bloodlines
37:11 Elite Battle Elephant
37:19 Elite Battle Elephant
41:06 Mahayana
41:57 Iron Casting
41:42 Chain Barding Armor
43:58 Blast Furnace
sonrisgsvh1131
4:20 Loom
10:39 Feudal Age
12:12 Fishing Lines
18:49 Castle Age
17:50 Double-Bit Axe
21:17 Caravan
21:11 Gold Mining
21:17 Stone Mining
21:23 Gillnets
21:17 Horse Collar
23:45 Gold Shaft Mining
25:07 Heavy Plow
31:21 Imperial Age
31:21 Bow Saw
32:47 Wheelbarrow
33:50 Two-Man Saw
33:07 Town Watch
34:29 Hand Cart
34:00 Treadmill Crane
35:22 Chemistry
33:52 Cavalier
34:33 Husbandry
35:59 Scale Barding Armor
36:05 Forging
36:19 Conscription
36:16 Town Patrol
37:09 Onager
41:07 Chain Barding Armor
41:23 Iron Casting
43:58 Plate Barding Armor
45:06 Blast Furnace
43:58 Fletching
44:07 Murder Holes
44:33 Ballistics
45:54 Yeomen
44:55 Elite Longbowman
46:11 Hoardings
50:40 Scale Mail Armor
50:36 Bodkin Arrow
50:41 Padded Archer Armor
52:03 Chain Mail Armor
Ryomen Sukuna
0:34 Loom
11:25 Feudal Age
18:20 Castle Age
24:50 Horse Collar
24:57 Double-Bit Axe
31:11 Wheelbarrow
30:23 Town Watch
30:33 Gold Mining
33:36 Imperial Age
32:32 Bow Saw
32:38 Bow Saw
32:25 Pikeman
33:51 Hand Cart
33:41 Heavy Plow
34:20 Gold Shaft Mining
35:25 Chemistry
35:50 Caravan
35:46 Heavy Hei Guang Cavalry
36:39 Bloodlines
36:31 Husbandry
38:55 Scale Barding Armor
39:00 Forging
38:42 Fletching
39:34 Halberdier
42:08 Ballistics
47:32 Chain Barding Armor
47:47 Iron Casting
54:02 Two-Man Saw
53:05 Scale Mail Armor
thegladiator989
4:55 Loom
11:14 Feudal Age
12:44 Wheelbarrow
13:22 Gold Mining
15:52 Castle Age
13:57 Double-Bit Axe
14:49 Horse Collar
20:17 Fervor
26:03 Heavy Plow
27:42 Hand Cart
27:31 Caravan
33:22 Town Watch
34:17 Bow Saw
35:03 Gold Shaft Mining
34:19 Stone Mining
34:34 Fletching
34:55 Forging
34:45 Padded Archer Armor
34:50 Scale Barding Armor
38:15 Imperial Age
37:00 Stone Shaft Mining
36:49 Masonry
37:01 Ballistics
36:58 Town Patrol
37:31 Coinage
37:37 Iron Casting
36:57 Bodkin Arrow
37:18 Leather Archer Armor
37:09 Murder Holes
37:57 Chain Barding Armor
38:13 Bloodlines
37:23 Light Cavalry
38:03 Husbandry
38:19 Heavy Camel Rider
39:24 Conscription
39:24 Drill
38:25 Elite Mangudai
39:41 Hoardings
39:06 Nomads
40:00 Onager
40:02 Heavy Scorpion
41:24 Herbal Medicine
41:29 Devotion
41:12 Capped Ram
41:14 Hussar
42:09 Bracer
43:09 Blast Furnace
42:27 Siege Onager
42:29 Siege Ram
44:44 Siege Engineers
44:50 Fortified Wall
45:41 Chemistry
46:53 Parthian Tactics
47:31 Banking
48:20 Scale Mail Armor
49:22 Chain Mail Armor
Suko
11:09 Feudal Age
11:49 Double-Bit Axe
13:49 Horse Collar
17:57 Castle Age
20:42 Heavy Plow
20:56 Bow Saw
25:51 Wheelbarrow
25:03 Loom
26:03 Gold Mining
26:04 Stone Mining
27:11 Thumb Ring
27:23 Bloodlines
26:35 Light Cavalry
27:10 Fletching
27:20 Padded Archer Armor
28:16 Scale Barding Armor
28:07 Bodkin Arrow
28:17 Elite Skirmisher
32:47 Hand Cart
34:20 Husbandry
36:01 Caravan
39:14 Imperial Age
40:15 Leather Archer Armor
40:00 Bracer
40:21 Chain Barding Armor
40:12 Forging
40:47 Conscription
41:07 Silk Road
40:32 Hussar
41:03 Onager
44:01 Elite Genoese Crossbowman
45:34 Iron Casting
47:40 Chemistry
47:01 Ballistics
matheuszagnollii
15:24 Feudal Age
16:33 Double-Bit Axe
16:29 Horse Collar
17:42 Wheelbarrow
19:34 Gold Mining
23:30 Castle Age
22:53 Man-at-Arms
23:35 Scale Mail Armor
23:46 Forging
24:27 Heavy Plow
24:40 Bow Saw
25:11 Gold Shaft Mining
25:57 Long Swordsman
29:01 Caravan
33:56 Chain Mail Armor
33:46 Squires
37:26 Hand Cart
41:02 Imperial Age
38:53 Hand Cart
38:32 Pikeman
39:53 Iron Casting
41:05 Capped Ram
41:09 Two-Handed Swordsman
41:09 Halberdier
42:59 Blast Furnace
41:56 Siege Ram
Archduke Tanz FerdiTanned
11:22 Feudal Age
17:22 Castle Age
16:08 Double-Bit Axe
18:21 Horse Collar
26:13 Wheelbarrow
25:26 Town Watch
25:56 Heavy Plow
27:30 Gold Mining
27:31 Stone Mining
28:08 Bow Saw
34:12 Imperial Age
31:59 Hand Cart
32:05 Hand Cart
31:51 Town Patrol
32:18 Bloodlines
32:21 Forging
32:17 Scale Barding Armor
33:41 Ballistics
34:39 Gold Shaft Mining
34:40 Stone Shaft Mining
34:24 Caravan
35:27 Iron Casting
35:13 Chain Barding Armor
36:03 Chemistry
35:13 Heavy Camel Rider
35:56 Husbandry
36:44 Imperial Camel Rider
41:22 Fletching
44:16 Bodkin Arrow
45:22 Blast Furnace
44:58 Plate Barding Armor
卢本伟
1:54 Loom
13:14 Feudal Age
17:29 Castle Age
15:31 Horse Collar
15:38 Double-Bit Axe
16:36 Stone Mining
16:46 Fishing Lines
18:15 Heavy Plow
22:27 Gillnets
24:11 Wheelbarrow
25:05 Bow Saw
30:08 Imperial Age
28:14 Hand Cart
28:12 Gold Mining
30:06 Gold Shaft Mining
29:35 Marauders
29:47 Forging
29:42 Scale Barding Armor
31:22 Iron Casting
30:16 Elite Tarkan
31:17 Conscription
32:35 Two-Man Saw
32:36 Chain Barding Armor
34:14 Blast Furnace
33:55 Plate Barding Armor
33:32 Fletching
33:43 Padded Archer Armor
33:32 Light Cavalry
35:08 Bloodlines
34:59 Husbandry
35:03 Bodkin Arrow
35:32 Ballistics
36:22 Chemistry
35:47 Bracer
36:08 Leather Archer Armor
35:59 Pikeman
37:13 Scale Mail Armor
37:34 Elite Skirmisher
39:08 Thumb Ring
38:44 Halberdier
39:10 Arson
39:41 Squires
40:01 Chain Mail Armor
Connection lost

Rejoining the realm…

Still unreachable

The connection could not be restored.

Session expired

The server has moved on; the page needs a fresh start.